 Dungeon Crawl Stone Soup version 0.29-a0-23-ga79f92ac9c (webtiles) character file.

Game seed: 15308924910932770024

1330 HallandMoats the Skirmisher (level 8, -1/85 HPs)
             Began as an Octopode Fighter on Jan 31, 2022.
             Was a Believer of Cheibriados.
             Succumbed to a scorpion's poison
             ... on level 6 of the Dungeon.
             The game lasted 00:07:49 (5375 turns).

HallandMoats the Skirmisher (Octopode Fighter)      Turns: 5375, Time: 00:07:50

Health: -1/85      AC:  3    Str: 20    XL:     8   Next: 60%
Magic:  11/11      EV: 15    Int: 14    God:    Cheibriados [**....]
Gold:   316        SH:  5    Dex: 17    Spells: 3/9 levels left

rFire   . . .      SeeInvis +   a - +0 trident
rCold   . . .      Faith    .   b - +0 buckler
rNeg    . . .      Spirit   .   (helmet restricted)
rPois   .          Reflect  .   (no amulet)
rElec   .          Harm     .   k - ring of see invisible
rCorr   .          Rampage  .   (no ring)
Will    .....                   (no ring)
Stlth   ..........              (no ring)
HPRegen 0.24/turn               (no ring)
MPRegen 0.12/turn               (no ring)
                                (no ring)
                                (no ring)

@: berserking (expiring), lethally poisoned (-1 -> -21), very slow
A: almost no armour, amphibious, 8 rings, camouflage 1, gelatinous body 1,
(nimble swimmer 1), tentacles, iridescent scales 1
a: Renounce Religion, Bend Time


You were on level 6 of the Dungeon.
You worshipped Cheibriados.
Cheibriados was pleased with you.
You visited 1 branch of the dungeon, and saw 6 of its levels.

You collected 316 gold pieces.

Inventory:

Hand Weapons
 a - a +0 trident (weapon)
Armour
 b - a +0 buckler (worn)
Jewellery
 k - a ring of see invisible (left tentacle)
 t - a ring of resist corrosion
Wands
 o - a wand of flame (19)
Scrolls
 d - 3 scrolls of identify {unknown}
 i - a scroll of fear {unknown}
 j - a scroll of vulnerability {unknown}
 l - a scroll of magic mapping {unknown}
 n - 2 scrolls of blinking {unknown}
 p - a scroll of holy word {unknown}
 s - a scroll of teleportation {unknown}
Potions
 c - 2 potions of might
 e - a potion of brilliance
 f - a potion of mutation
 g - 2 potions of curing
 h - 2 potions of flight {unknown}
 m - 2 potions of berserk rage
 q - a potion of attraction {unknown}
 r - 2 potions of heal wounds {unknown}
 u - a potion of haste {unknown}


   Skills:
 * Level 5.8 Fighting
 * Level 5.2 Polearms
 + Level 4.5 Dodging
 + Level 4.4 Shields
 + Level 1.3 Spellcasting
 + Level 1.4 Transmutations
 + Level 1.4 Earth Magic
 * Level 4.7 Invocations


You had 3 spell levels left.
You knew the following spells:

 Your Spells              Type           Power      Damage    Failure   Level
a - Statue Form           Tmut/Erth      3%         N/A       100%        6

Your spell library contained the following spells:

 Spells                   Type           Power      Damage    Failure   Level
 Sandblast                Erth           8%         2d5       19%         1
 Passwall                 Tmut/Erth      4%         N/A       26%         2
 Slow                     Hex            0%         N/A       32%         1
 Stone Arrow              Conj/Erth      4%         3d7       58%         3
 Confusing Touch          Hex            0%         N/A       67%         3
 Portal Projectile        Hex/Tloc       0%         N/A       67%         3
 Vampiric Draining        Necr           0%         2d6       67%         3
 Leda's Liquefaction      Hex/Erth       1%         N/A       94%         4
 Blade Hands              Tmut           2%         N/A       99%         5
 Lee's Rapid Deconstruct  Erth           2%         3d5*      99%         5
 Excruciating Wounds      Necr           0%         N/A       100%        5
 Lehudib's Crystal Spear  Conj/Erth      1%         10d2      100%        8
 Animate Armour           Summ/Erth      Unusable   N/A       N/A         4

Dungeon Overview and Level Annotations

Branches:
Dungeon (6/15)             Temple (0/1) D:5

Altars:
Cheibriados

Shops:
D:5 !


Innate Abilities, Weirdness & Mutations

You cannot wear most types of armour.
You are amphibious.
You can wear up to eight rings at the same time.
Your skin changes colour to match your surroundings (Stealth+).
Your rubbery body absorbs attacks. (AC +1, EV +1)
((You are camouflaged when in or above water. (Stealth+)))
You have tentacles for arms and can constrict up to eight enemies at once.
You are partially covered in iridescent scales. (AC +2)


Message History

The scorpion barely misses you.
It was a potion of berserk rage.
A red film seems to cover your vision as you go berserk!
Cheibriados protects you from inadvertent hurry.
You feel mighty!
The ice beast hits you but does no damage.
The scorpion stings you but does no damage.
You hit the ice beast.
The ice beast is heavily wounded.
The scorpion stings you but does no damage.
The ice beast misses you.
You completely miss the ice beast. You squeeze the ice beast.
The ice beast is severely wounded.
The scorpion stings you.
* * * LOW HITPOINT WARNING * * *
You are poisoned.
The scorpion poisons you!
The ice beast hits you but does no damage.
You puncture the ice beast!
You kill the ice beast!
Cheibriados thoroughly appreciates the change of pace.
You feel sick. The scorpion stings you!
* * * LOW HITPOINT WARNING * * *
You are lethally poisoned!
The scorpion poisons you! You block the scorpion's attack.
You barely miss the scorpion. You grab the scorpion. You squeeze the scorpion!
The scorpion is almost dead.
You constrict the scorpion.
* * * LOW HITPOINT WARNING * * *
You feel sick. The scorpion stings you.
* * * LOW HITPOINT WARNING * * *
You are more poisoned.
The scorpion poisons you!
You are too berserk!
You impale the scorpion!!
You kill the scorpion!
Cheibriados thoroughly appreciates the change of pace.
* * * LOW HITPOINT WARNING * * *
You feel very sick.
You die...

#....# #.##..#
................
#.###..........(.....>..
...# #####.........>....
...# ##..............
...# ##...............
...# #...)............
...#####................
...............?@.......
########..#......##.....
#....#...## ###
#......### #...########
##.#........
#...........
#...........
#...........


There were no monsters in sight!

Vanquished Creatures
  Grinder (D:3)
  A water moccasin (D:5)
  An ice beast (D:6)
  2 ogres
  A scorpion (D:6)
  A water moccasin skeleton (D:3)
  3 centaur zombies
  A jelly (D:5)
  A hound (D:4)
  A gnoll shaman (D:5)
  2 iguanas (D:5)
  Natasha (thrice) (D:3)
  4 orc wizards
  11 gnolls
  3 adders
  A shadow imp (D:5)
  A white imp (D:5)
  2 worms
  2 dart slugs
  9 orcs
  6 ball pythons
  9 endoplasms
  6 giant cockroaches
  11 goblins
  7 hobgoblins
  8 jackals
  5 kobolds
  2 quokkas
  9 bats
  4 frilled lizards
  7 rats
125 creatures vanquished.

Vanquished Creatures (others)
  13 plants (D:3)
13 creatures vanquished.

Grand Total: 138 creatures vanquished

Notes
Turn   | Place    | Note
-------+----------+-------------------------------------------
     0 | D:1      | HallandMoats the Octopode Fighter began the quest for the
                  | Orb.
     0 | D:1      | Reached XP level 1. HP: 16/16 MP: 1/1
    96 | D:1      | Reached XP level 2. HP: 18/21 MP: 2/2
   361 | D:1      | Reached XP level 3. HP: 26/26 MP: 3/3
   956 | D:2      | Reached skill level 1 in Invocations
  1287 | D:3      | Reached XP level 4. HP: 33/33 MP: 4/4
  1437 | D:3      | Reached XP level 5. HP: 17/37 MP: 6/6
  1595 | D:3      | Noticed Natasha
  1602 | D:3      | Killed Natasha
  1640 | D:3      | Found a snail-covered altar of Cheibriados.
  1659 | D:3      | Became a worshipper of Cheibriados the Contemplative
  1687 | D:3      | Noticed Natasha
  1694 | D:3      | Killed Natasha
  1817 | D:3      | Noticed Natasha
  1821 | D:3      | Killed Natasha
  1822 | D:3      | Reached XP level 6. HP: 44/44 MP: 7/7
  1869 | D:3      | Noticed Grinder
  1874 | D:3      | Paralysed by Grinder for 3 turns
  1881 | D:3      | Killed Grinder
  1882 | D:3      | Reached XP level 7. HP: 17/49 MP: 7/9
  2478 | D:4      | Reached * piety under Cheibriados
  2668 | D:4      | Reached skill level 5 in Fighting
  3411 | D:5      | Entered Level 5 of the Dungeon
  3484 | D:5      | Learned a level 6 spell: Statue Form
  3820 | D:5      | Reached XP level 8. HP: 49/56 MP: 11/11
  3929 | D:5      | HP: 2/56 [acid (3)]
  4261 | D:5      | Reached ** piety under Cheibriados
  4405 | D:5      | Found Leit Buis's Distillery.
  4636 | D:5      | Found a staircase to the Ecumenical Temple.
  4713 | D:5      | Reached skill level 5 in Polearms
  4713 | D:5      | Reached skill level 1 in Spellcasting
  4713 | D:5      | Reached skill level 1 in Transmutations
  4713 | D:5      | Reached skill level 1 in Earth Magic
  5367 | D:6      | Gained mutation: You are partially covered in iridescent
                  | scales. (AC +2) [potion of mutation]
  5374 | D:6      | HP: 3/85 [poisoned by a scorpion]
  5375 | D:6      | Succumbed to a scorpion's poison

Illustrated notes

Levels and vault maps discovered:
D:1:      nzn_arrival_depleted_hourglass, layout_basic
D:2:      layout_basic
D:3:      layout_loops_ring, mainiacjoe_overflow_six_doors_small,
          nicolae_grassy_gnolls, uniq_grinder, uniq_natasha
D:4:      layout_cave_pools, nrook_mini_backslash, minmay_goblin_outpost
D:5:      layout_loops_ring, minmay_temple_entry_statues_pillars, serial_shops,
          nicolae_lakefront_shop
D:6:      kennysheep_windowed_halls, layout_rooms

Skill      XL: |  1  2  3  4  5  6  7  8 |
---------------+-------------------------+-----
Invocations    | 1 2 3 4 |  4.7
Polearms       | 3 4 5 |  5.2
Fighting       | 4 5 |  5.8
Dodging        | 4 |  4.5
Shields        | 4 |  4.4
Spellcasting   | 1 |  1.3
Transmutations | 1 |  1.4
Earth Magic    | 1 |  1.4

Action                   |  1- 3 |  4- 6 |  7- 9 || total
-------------------------+-------+-------+-------++-------
Melee: Trident           |    89 |    57 |   157 ||   303
       Constrict         |    17 |    17 |    22 ||    56
       Tentacles         |    11 |    16 |    26 ||    53
       Punch             |     1 |     1 |     3 ||     5
Invok: Bend Time         |       |       |     3 ||     3
  Use: Potion            |       |       |     4 ||     4
 Stab: Sleeping          |     8 |     2 |    10 ||    20
       Distracted        |       |       |     1 ||     1
Armor: Skin              |     8 |       |     7 ||    15
Dodge: Dodged            |    24 |    15 |    81 ||   120
Block: Buckler           |    15 |    10 |    27 ||    52

Table legend: (Time is in decaauts)
 A = Elapsed time spent in this place.
 B = Non-inter-level travel time spent in this place.
 C = Inter-level travel time spent in this place.
 D = Time resting spent in this place.
 E = Time spent auto-exploring this place.
 F = Levels seen in this place.
 G = Mean time per level.
                   A        B        C        D        E       F      G
               +--------+--------+--------+--------+--------+-----+--------+
         Total |   6079 |   5939 |    140 |   1411 |   3620 |   6 | 1013.2 |
       Dungeon |   6079 |   5939 |    140 |   1411 |   3620 |   6 | 1013.2 |
               +--------+--------+--------+--------+--------+-----+--------+

Top non-repeatable levels by time:
     D:5: 2188 daAuts
     D:3: 1511 daAuts
     D:4: 963 daAuts
     D:1: 655 daAuts
     D:2: 612 daAuts
     D:6: 148 daAuts
